 Dungeon Crawl Stone Soup version 0.27.1-35-g4d5d836560 (webtiles) character file.

Game seed: 13196891012937378299

57 Delamore the Sneak (level 4, 0/29 HPs)
             Began as an Octopode Brigand on Mar 15, 2022.
             Slain by a gnoll (3 damage)
             ... on level 1 of the Dungeon.
             The game lasted 00:01:30 (976 turns).

Delamore the Sneak (Octopode Brigand)                Turns: 976, Time: 00:01:31

Health: 0/29       AC:  1    Str:  8 (10) XL:     4   Next: 0%
Magic:  0/4        EV: 12    Int: 17 (19) God:
Gold:   12         SH:  0    Dex: 12 (14) Spells: 3/3 levels left

rFire    . . .     SeeInvis .   a - +2 dagger
rCold    . . .     Faith    .   (no shield)
rNeg     . . .     Spirit   +   (helmet restricted)
rPois    .         Reflect  .   h - amulet of guardian spirit
rElec    .         Harm     .   g - +6 ring of intelligence
rCorr    .         Rampage  .   (no ring)
Will     .....                  (no ring)
Stlth    ++++......             (no ring)
HPRegen  0.09/turn              (no ring)
MPRegen  0.09/turn              (no ring)
                                (no ring)
                                (no ring)

@: no status effects
A: almost no armour, amphibious, 8 rings, camouflage 1, gelatinous body 1,
(nimble swimmer 1), tentacles
a: no special abilities


You were on level 1 of the Dungeon.
You visited 1 branch of the dungeon, and saw 2 of its levels.

You collected 12 gold pieces.

Inventory:

Hand Weapons
 a - a +2 dagger (weapon)
Missiles
 j - 6 boomerangs (quivered)
Jewellery
 g - a +6 ring of intelligence (left tentacle)
 h - an amulet of guardian spirit (around mantle)
Scrolls
 d - a scroll of immolation
 e - a scroll of teleportation {unknown}
 f - a scroll of magic mapping
Potions
 i - a potion of degeneration


   Skills:
 - Level 2.0 Fighting
 + Level 2.8 Short Blades
 - Level 2.0 Throwing
 - Level 1.0 Dodging
 * Level 6.9 Stealth


You had 3 spell levels left.
You didn't know any spells.
Your spell library contained the following spells:

 Spells                   Type           Power      Damage    Failure   Level
 Passwall                 Tmut/Erth      0%         N/A       34%         2
 Swiftness                Air            0%         N/A       56%         3
 Invisibility             Hex            0%         N/A       100%        6


Dungeon Overview and Level Annotations

Branches:
Dungeon (2/15)

Altars:

Shops:
D:1 (


Innate Abilities, Weirdness & Mutations

You cannot wear most types of armour.
You are amphibious.
You can wear up to eight rings at the same time.
Your skin changes colour to match your surroundings (Stealth+).
Your rubbery body absorbs attacks. (AC +1, EV +1)
((You are camouflaged near water. (Stealth+)))
You have tentacles for arms and can constrict up to eight enemies at once.


Message History

You throw a poisoned dart.
The poisoned dart barely misses the gnoll.
The poisoned dart closely misses the gnoll. x2
The gnoll barely misses you.
You kill the gnoll!
There is a stone staircase leading up here.
You throw a poisoned dart. The poisoned dart hits the gnoll.
The gnoll is poisoned.
You throw a boomerang. The boomerang hits the gnoll.
The gnoll is heavily wounded.
You throw a boomerang.
The boomerang hits the gnoll but does no damage.
The gnoll is severely wounded.
The gnoll closely misses you.
You throw a boomerang.
The boomerang hits the gnoll but does no damage.
The gnoll is severely wounded.
The gnoll hits you with a +0 club. The gnoll closely misses you.
The gnoll hits you with a +0 club!
You climb upwards.
There is a stone staircase leading down here.
You are too injured to fight recklessly!
You hit the gnoll. Your grab misses the gnoll.
The gnoll is almost dead.
The gnoll misses you. The gnoll hits you with a +0 club.
* * * LOW HITPOINT WARNING * * *
You hit the gnoll.
You kill the gnoll!
The gnoll barely misses you.
You have reached level 4!
You see here a rat skeleton.
You hit the gnoll. Your grab misses the gnoll.
The gnoll is lightly wounded.
The gnoll hits you with a +0 club!
* * * LOW HITPOINT WARNING * * *
It was a potion of degeneration.
There was something very wrong with that liquid.
You feel weakened.
You feel dopey.
You feel clumsy. The gnoll hits you with a +0 club.
You die...

.###......#.#.###########...# #.
.# #.####.#.............#.#.# #.
.# #.# #.#[..#########.#.#.####.
'###.# #........................
..##.# #.#..########.#.#.##.#.#.
..##.####.#.........#.#.#........
..##......÷.........#.#.#.)......
..'.....#.#.#########.#.#.###..##
..####.#..#....g@.....#.#....#..^
### #.#.........######.#.##.#..#
#.#............∩...#........
#.#.#####.........##.##.##.#
#.#.# #............##.##.. #.#.#
#..........####.###.
######.#.#####......(...# #.# #.
.......#.....+..........# #.####
##############..........####.#...


You could see a gnoll.

Vanquished Creatures
  3 gnolls
  A dart slug (D:1)
  4 bats (D:1)
  4 endoplasms (D:1)
  A goblin (D:1)
  4 hobgoblins (D:1)
  2 ball pythons (D:1)
  3 kobolds
  5 rats (D:1)
27 creatures vanquished.

Notes
Turn   | Place    | Note
-------+----------+-------------------------------------------
     0 | D:1      | Delamore the Octopode Brigand began the quest for the Orb.
     0 | D:1      | Reached XP level 1. HP: 14/14 MP: 1/1
   216 | D:1      | Reached XP level 2. HP: 19/19 MP: 2/2
   247 | D:1      | Reached skill level 6 in Stealth
   426 | D:1      | Found a faded altar of an unknown god.
   518 | D:1      | Found Zoraerch's Weapon Shop.
   634 | D:1      | Reached XP level 3. HP: 24/24 MP: 3/3
   961 | D:1      | Reached XP level 4. HP: 9/29 MP: 0/4
   976 | D:1      | Slain by a gnoll

Illustrated notes

Levels and vault maps discovered:
D:1:      scummos_arrival_forest, layout_basic,
          shapermc_ecumenical_altar_mp_urbaneastern, serial_shops, shop
D:2:      minmay_skewed_foursquare, layout_rooms,
          hangedman_abyss_or_decor_stabs, minmay_tromino_v4_c

Skill      XL: |  1  2 |
---------------+-------+-----
Stealth        | 6 |  6.9
Fighting       | |  2.0
Short Blades   | |  2.8
Throwing       | |  2.0
Dodging        | |  1.0

Action                   |  1- 3 |  4- 6 || total
-------------------------+-------+-------++-------
Melee: Dagger            |    35 |     1 ||    36
       Constrict         |     6 |       ||     6
       Tentacles         |     5 |       ||     5
Throw: Dart              |    10 |       ||    10
       Boomerang         |     3 |       ||     3
  Use: Scroll            |     2 |       ||     2
       Potion            |       |     1 ||     1
 Stab: Sleeping          |    14 |       ||    14
Armor: Skin              |     6 |       ||     6
Dodge: Dodged            |    15 |       ||    15
